[ AOE2 MATCH · #506553568 ]
UnrankedItalians vs Portuguese
Player's team · WIN
[ REPLAY ANALYSIS · EXTRACTED FROM THE RECORDED GAME ]
Feudal
9:00
Castle
21:57
Imperial
31:25
| APM avg | 85.0 |
| APM peak | 168 |
| eAPM avg | 49.1 |
| Villagers / military | 154 / 349 |
Focus
⚔️ 35.0% · 🌾 65.0%
Skirmisher ×100 · Knight ×78 · Petard ×48 · Scout Cavalry ×44 · Unknown (882) ×35 · Bombard Cannon ×25
Feudal
10:40
Castle
23:39
Imperial
33:29
| APM avg | 12.9 |
| APM peak | 24 |
| eAPM avg | 9.8 |
| Villagers / military | 102 / 38 |
Focus
⚔️ 34.7% · 🌾 65.3%
Bombard Cannon ×19 · Organ Gun ×12 · Trebuchet (Packed) ×3 · Monk ×2 · Mangonel ×2
Match map
Initial resources + every placement click. Lines = walls · curves = elevation contours. ◆ gold · ⬟ stone · ● berries · ✦ relic · ◌ wall gap
Your base· ✓ Closed at 21:57 · 12t walls · 2 gate(s)
simple5966's base· ✓ Closed at 23:39 · 8t walls · 2 gate(s)
Smoothed initial terrain · ◌ = detected wall gap · hover for details
Inputs per minute
— EXILE | NOPALITO - - simple5966
Build order — EXILE | NOPALITO
First 150 of 790 actions detected
| 0:00 | Queue | Villager (Male) |
| 0:01 | Queue | Villager (Male) |
| 0:01 | Queue | Villager (Male) |
| 0:01 | Queue | Villager (Male) |
| 0:03 | Build | House |
| 0:04 | Build | House |
| 1:25 | Queue | Villager (Male) |
| 1:44 | Build | Lumber Camp |
| 1:50 | Queue | Villager (Male) |
| 1:50 | Queue | Villager (Male) |
| 2:13 | Queue | Villager (Male) |
| 2:40 | Queue | Villager (Male) |
| 3:03 | Build | House |
| 3:04 | Build | House |
| 3:08 | Queue | Villager (Male) |
| 3:47 | Queue | Villager (Male) |
| 3:48 | Queue | Villager (Male) |
| 4:05 | Queue | Villager (Male) |
| 4:15 | Build | Mining Camp |
| 4:22 | Queue | Villager (Male) |
| 4:22 | Queue | Villager (Male) |
| 4:37 | Queue | Villager (Male) |
| 5:11 | Queue | Villager (Male) |
| 5:37 | Queue | Villager (Male) |
| 6:11 | Research | Loom |
| 6:50 | Research | Feudal Age |
| 7:30 | Build | Mill |
| 8:34 | Queue | Villager (Male) |
| 9:00 | Age | Feudal Age |
| 9:05 | Build | Watch Tower |
| 9:22 | Queue | Villager (Male) |
| 9:26 | Build | Blacksmith |
| 9:27 | Queue | Villager (Male) |
| 10:05 | Build | Watch Tower |
| 10:06 | Queue | Villager (Male) |
| 10:12 | Research | Fletching |
| 10:14 | Build | House |
| 10:22 | Queue | Villager (Male) |
| 10:31 | Research | Double-Bit Axe |
| 10:35 | Queue | Villager (Male) |
| 10:46 | Build | House |
| 11:04 | Queue | Villager (Male) |
| 11:19 | Build | Farm |
| 11:20 | Queue | Villager (Male) |
| 12:08 | Queue | Villager (Male) |
| 12:09 | Queue | Villager (Male) |
| 12:10 | Build | Farm |
| 12:10 | Build | Farm |
| 12:38 | Queue | Villager (Male) |
| 12:39 | Build | Farm |
| 12:40 | Queue | Villager (Male) |
| 12:45 | Build | Watch Tower |
| 12:49 | Queue | Villager (Male) |
| 12:54 | Build | Palisade Wall |
| 12:56 | Build | Palisade Wall |
| 13:00 | Build | Palisade Wall |
| 13:04 | Build | Palisade Wall |
| 13:16 | Queue | Villager (Male) |
| 13:19 | Build | Farm |
| 13:19 | Build | Farm |
| 13:35 | Queue | Villager (Male) |
| 13:37 | Build | Farm |
| 14:22 | Build | Outpost |
| 14:24 | Queue | Villager (Male) |
| 14:25 | Queue | Villager (Male) |
| 14:38 | Research | Town Watch |
| 14:51 | Build | House |
| 14:56 | Build | Farm |
| 14:56 | Queue | Villager (Male) |
| 15:00 | Build | Mining Camp |
| 15:17 | Build | Watch Tower |
| 15:32 | Build | Palisade Wall |
| 15:34 | Build | Palisade Wall |
| 15:43 | Build | Palisade Wall |
| 15:47 | Build | Palisade Wall |
| 15:48 | Build | Palisade Wall |
| 15:57 | Queue | Villager (Male) |
| 15:57 | Queue | Villager (Male) |
| 16:01 | Build | House |
| 16:05 | Queue | Villager (Male) |
| 16:21 | Queue | Villager (Male) |
| 16:38 | Queue | Villager (Male) |
| 16:45 | Build | House |
| 16:47 | Queue | Villager (Male) |
| 17:16 | Queue | Villager (Male) |
| 17:19 | Build | House |
| 17:55 | Queue | Villager (Male) |
| 18:00 | Build | Market |
| 18:00 | Queue | Villager (Male) |
| 18:36 | Build | Watch Tower |
| 18:41 | Queue | Villager (Male) |
| 19:13 | Research | Castle Age |
| 19:15 | Build | House |
| 19:51 | Build | Palisade Wall |
| 19:52 | Build | Palisade Wall |
| 19:55 | Build | Palisade Wall |
| 20:58 | Build | Outpost |
| 21:25 | Queue | Villager (Male) |
| 21:34 | Research | Horse Collar |
| 21:57 | Age | Castle Age |
| 21:59 | Build | Palisade Wall |
| 22:00 | Build | Palisade Wall |
| 22:09 | Build | Outpost |
| 22:12 | Build | Town Center |
| 22:14 | Research | Bow Saw |
| 22:14 | Queue | Villager (Male) |
| 22:17 | Build | Town Center |
| 22:22 | Research | Wheelbarrow |
| 22:22 | Queue | Villager (Male) |
| 22:35 | Build | Monastery |
| 22:51 | Build | House |
| 23:08 | Queue | Monk |
| 23:08 | Queue | Monk |
| 23:10 | Build | Farm |
| 23:10 | Build | Farm |
| 23:15 | Queue | Villager (Male) |
| 23:15 | Queue | Villager (Male) |
| 23:23 | Build | Farm |
| 23:23 | Build | Farm |
| 23:24 | Build | Farm |
| 23:24 | Build | Farm |
| 23:24 | Queue | Villager (Male) |
| 23:38 | Build | Farm |
| 23:41 | Queue | Villager (Male) |
| 24:03 | Build | Farm |
| 24:03 | Build | Farm |
| 24:03 | Build | Farm |
| 24:14 | Queue | Monk |
| 24:16 | Queue | Villager (Male) |
| 24:16 | Queue | Villager (Male) |
| 24:19 | Build | Farm |
| 24:20 | Build | Farm |
| 24:20 | Build | Farm |
| 24:20 | Build | Farm |
| 24:31 | Queue | Villager (Male) |
| 24:31 | Queue | Villager (Male) |
| 24:31 | Queue | Villager (Male) |
| 24:31 | Queue | Villager (Male) |
| 24:31 | Queue | Villager (Male) |
| 24:42 | Queue | Monk |
| 24:53 | Build | Farm |
| 24:53 | Build | Farm |
| 24:54 | Build | Farm |
| 25:05 | Queue | Villager (Male) |
| 25:05 | Queue | Villager (Male) |
| 25:05 | Queue | Villager (Male) |
| 25:13 | Build | Farm |
| 25:13 | Build | Farm |
| 25:13 | Build | Farm |
| 25:14 | Queue | Villager (Male) |
Build order — simple5966
First 150 of 220 actions detected
| 0:05 | Queue | Villager (Male) |
| 0:05 | Queue | Villager (Male) |
| 0:05 | Queue | Villager (Male) |
| 0:05 | Queue | Villager (Male) |
| 0:07 | Build | House |
| 0:09 | Build | House |
| 1:40 | Queue | Villager (Male) |
| 2:12 | Queue | Villager (Male) |
| 2:17 | Queue | Villager (Male) |
| 2:51 | Build | House |
| 2:59 | Build | House |
| 3:04 | Queue | Villager (Male) ×2 |
| 3:49 | Queue | Villager (Male) ×2 |
| 4:19 | Queue | Villager (Male) |
| 4:54 | Queue | Villager (Male) |
| 5:08 | Queue | Villager (Male) |
| 5:19 | Queue | Villager (Male) ×3 |
| 6:05 | Queue | Villager (Male) ×4 |
| 6:05 | Queue | Villager (Male) ×4 |
| 6:21 | Queue | Villager (Male) |
| 6:21 | Queue | Villager (Male) |
| 7:32 | Build | Lumber Camp |
| 7:43 | Build | Mill |
| 8:24 | Research | Feudal Age |
| 8:36 | Build | House |
| 8:37 | Build | House |
| 8:42 | Build | House |
| 8:55 | Queue | Villager (Male) ×5 |
| 9:27 | Build | Mining Camp |
| 9:53 | Queue | Villager (Male) ×3 |
| 10:07 | Build | House |
| 10:40 | Age | Feudal Age |
| 10:48 | Build | Stone Wall |
| 11:06 | Build | Watch Tower |
| 11:43 | Research | Loom |
| 12:31 | Queue | Villager (Male) ×5 |
| 13:00 | Build | Market |
| 13:54 | Build | Mining Camp |
| 14:10 | Build | Watch Tower |
| 14:20 | Build | Farm |
| 14:21 | Build | Farm |
| 14:21 | Build | Farm |
| 14:21 | Build | Farm |
| 14:22 | Build | Farm |
| 14:22 | Build | Farm |
| 14:32 | Queue | Villager (Male) ×5 |
| 15:05 | Build | Farm |
| 15:07 | Build | Farm |
| 15:09 | Build | Farm |
| 15:19 | Build | Farm |
| 16:14 | Build | Blacksmith |
| 16:42 | Queue | Villager (Male) ×5 |
| 16:55 | Research | Fletching |
| 17:04 | Build | Farm |
| 17:06 | Build | Farm |
| 17:47 | Build | House |
| 18:25 | Queue | Villager (Male) ×5 |
| 19:33 | Build | Watch Tower |
| 20:21 | Build | House |
| 20:24 | Build | House |
| 20:59 | Research | Castle Age |
| 21:35 | Research | Double-Bit Axe |
| 22:34 | Queue | Villager (Male) ×5 |
| 23:39 | Age | Castle Age |
| 23:59 | Build | Castle |
| 24:24 | Queue | Villager (Male) ×5 |
| 25:00 | Build | Monastery |
| 25:25 | Queue | Villager (Male) ×5 |
| 25:39 | Queue | Monk |
| 25:39 | Queue | Monk |
| 26:29 | Build | Farm |
| 27:00 | Build | Mining Camp |
| 27:06 | Build | Stone Wall |
| 27:46 | Build | Stone Wall |
| 27:58 | Queue | Villager (Male) ×5 |
| 28:02 | Build | Farm |
| 29:03 | Build | Siege Workshop |
| 29:11 | Build | Mining Camp |
| 29:31 | Queue | Mangonel |
| 29:44 | Build | Lumber Camp |
| 30:11 | Build | University |
| 30:19 | Research | Imperial Age |
| 30:51 | Build | Stone Wall |
| 30:56 | Build | Stone Wall |
| 31:00 | Build | Gate |
| 31:03 | Build | Gate |
| 31:17 | Research | Fortified Wall (upgrade) |
| 31:23 | Build | Farm |
| 31:56 | Queue | Villager (Male) ×5 |
| 32:36 | Build | Outpost |
| 32:51 | Build | House |
| 32:52 | Build | House |
| 32:53 | Build | House |
| 32:54 | Build | House |
| 32:55 | Build | House |
| 32:57 | Build | House |
| 33:19 | Queue | Villager (Male) ×5 |
| 33:29 | Age | Imperial Age |
| 33:29 | Build | Outpost |
| 33:46 | Build | Stone Wall |
| 33:50 | Build | Stone Wall |
| 33:56 | Queue | Trebuchet (Packed) |
| 35:16 | Research | Chemistry |
| 35:20 | Queue | Trebuchet (Packed) |
| 35:57 | Queue | Mangonel |
| 36:10 | Build | Outpost |
| 36:46 | Build | Siege Workshop |
| 36:49 | Queue | Bombard Cannon |
| 36:49 | Queue | Bombard Cannon |
| 37:14 | Build | Stone Wall |
| 37:17 | Build | Stone Wall |
| 37:54 | Queue | Bombard Cannon ×5 |
| 38:17 | Build | Castle |
| 38:24 | Build | Stone Wall |
| 38:51 | Queue | Bombard Cannon |
| 38:52 | Queue | Bombard Cannon |
| 39:54 | Build | Stone Wall |
| 40:04 | Research | Siege Engineers |
| 40:32 | Queue | Bombard Cannon |
| 41:58 | Build | Stone Wall |
| 42:56 | Queue | Villager (Male) ×5 |
| 43:33 | Build | Stone Wall |
| 43:36 | Build | Stone Wall |
| 43:38 | Build | Stone Wall |
| 43:41 | Build | Stone Wall |
| 43:43 | Build | Stone Wall |
| 44:15 | Queue | Trebuchet (Packed) |
| 45:07 | Build | Stone Wall |
| 45:46 | Build | Stone Wall |
| 45:48 | Build | Stone Wall |
| 45:49 | Build | Stone Wall |
| 45:51 | Build | Stone Wall |
| 45:56 | Build | Stone Wall |
| 45:59 | Build | Stone Wall |
| 46:05 | Queue | Bombard Cannon |
| 46:05 | Queue | Bombard Cannon |
| 46:10 | Queue | Villager (Male) ×5 |
| 46:26 | Build | Outpost |
| 46:46 | Build | Outpost |
| 46:52 | Build | Lumber Camp |
| 46:57 | Research | Town Watch |
| 46:57 | Queue | Villager (Male) ×5 |
| 47:18 | Build | Stone Wall |
| 47:30 | Build | Stone Wall |
| 47:34 | Build | Stone Wall |
| 48:01 | Build | Stone Wall |
| 48:31 | Build | Stone Wall |
| 48:33 | Build | Stone Wall |
| 48:40 | Research | Arquebus |
| 48:54 | Build | Outpost |
Match timeline
| 9:00 | EXILE | NOPALITO · age_up feudal |
| 10:40 | simple5966 · age_up feudal |
| 10:48 | simple5966 · wall_segment Stone Wall x8 |
| 12:54 | EXILE | NOPALITO · wall_segment Palisade Wall x1 |
| 12:56 | EXILE | NOPALITO · wall_segment Palisade Wall x1 |
| 13:00 | EXILE | NOPALITO · wall_segment Palisade Wall x1 |
| 13:04 | EXILE | NOPALITO · wall_segment Palisade Wall x1 |
| 14:00 | simple5966 · first_market_sell 100 food |
| 14:03 | simple5966 · first_market_buy 100 stone |
| 15:32 | EXILE | NOPALITO · wall_segment Palisade Wall x1 |
| 15:34 | EXILE | NOPALITO · wall_segment Palisade Wall x1 |
| 15:43 | EXILE | NOPALITO · wall_segment Palisade Wall x1 |
| 15:47 | EXILE | NOPALITO · wall_segment Palisade Wall x1 |
| 15:48 | EXILE | NOPALITO · wall_segment Palisade Wall x1 |
| 19:51 | EXILE | NOPALITO · wall_segment Palisade Wall x1 |
| 19:52 | EXILE | NOPALITO · wall_segment Palisade Wall x1 |
| 19:55 | EXILE | NOPALITO · wall_segment Palisade Wall x1 |
| 21:57 | EXILE | NOPALITO · age_up castle |
| 21:59 | EXILE | NOPALITO · wall_segment Palisade Wall x1 |
| 22:00 | EXILE | NOPALITO · wall_segment Palisade Wall x1 |
| 22:35 | EXILE | NOPALITO · first_building Monastery |
| 23:39 | simple5966 · age_up castle |
| 23:59 | simple5966 · first_building Castle |
| 24:29 | EXILE | NOPALITO · first_market_buy 100 food |
| 25:00 | simple5966 · first_building Monastery |
| 25:45 | EXILE | NOPALITO · first_building Barracks |
| 26:02 | EXILE | NOPALITO · first_building Castle |
| 27:06 | simple5966 · wall_segment Stone Wall x1 |
| 27:46 | simple5966 · wall_segment Stone Wall x1 |
| 28:01 | EXILE | NOPALITO · first_market_sell 100 wood |
| 29:03 | simple5966 · first_building Siege Workshop |
| 30:37 | EXILE | NOPALITO · first_building Archery Range |
| 30:51 | simple5966 · wall_segment Stone Wall x36 |
| 30:56 | simple5966 · wall_segment Stone Wall x27 |
| 31:13 | EXILE | NOPALITO · first_building Siege Workshop |
| 31:25 | EXILE | NOPALITO · age_up imperial |
| 33:29 | simple5966 · age_up imperial |
| 33:46 | simple5966 · wall_segment Stone Wall x13 |
| 33:50 | simple5966 · wall_segment Stone Wall x12 |
| 37:14 | simple5966 · wall_segment Stone Wall x1 |
| 37:17 | simple5966 · wall_segment Stone Wall x7 |
| 38:24 | simple5966 · wall_segment Stone Wall x8 |
| 39:54 | simple5966 · wall_segment Stone Wall x6 |
| 41:58 | simple5966 · wall_segment Stone Wall x7 |
| 43:33 | simple5966 · wall_segment Stone Wall x3 |
| 43:36 | simple5966 · wall_segment Stone Wall x1 |
| 43:38 | simple5966 · wall_segment Stone Wall x3 |
| 43:41 | simple5966 · wall_segment Stone Wall x8 |
| 43:43 | simple5966 · wall_segment Stone Wall x1 |
| 45:07 | simple5966 · wall_segment Stone Wall x7 |
| 45:46 | simple5966 · wall_segment Stone Wall x1 |
| 45:48 | simple5966 · wall_segment Stone Wall x1 |
| 45:49 | simple5966 · wall_segment Stone Wall x1 |
| 45:51 | simple5966 · wall_segment Stone Wall x5 |
| 45:56 | simple5966 · wall_segment Stone Wall x9 |
| 45:59 | simple5966 · wall_segment Stone Wall x6 |
| 46:02 | EXILE | NOPALITO · first_building Stable |
| 47:18 | simple5966 · wall_segment Stone Wall x10 |
| 47:30 | simple5966 · wall_segment Stone Wall x7 |
| 47:34 | simple5966 · wall_segment Stone Wall x12 |
| 48:01 | simple5966 · wall_segment Stone Wall x11 |
| 48:31 | simple5966 · wall_segment Stone Wall x4 |
| 48:33 | simple5966 · wall_segment Stone Wall x2 |
| 51:45 | simple5966 · wall_segment Stone Wall x1 |
| 51:49 | simple5966 · wall_segment Stone Wall x3 |
| 51:52 | simple5966 · wall_segment Stone Wall x5 |
| 52:57 | simple5966 · wall_segment Stone Wall x8 |
| 52:59 | simple5966 · wall_segment Stone Wall x10 |
| 53:01 | simple5966 · wall_segment Stone Wall x4 |
| 53:05 | simple5966 · wall_segment Stone Wall x4 |
| 53:07 | simple5966 · wall_segment Stone Wall x3 |
| 54:02 | simple5966 · wall_segment Stone Wall x4 |
| 54:04 | simple5966 · wall_segment Stone Wall x12 |
| 54:08 | simple5966 · wall_segment Stone Wall x3 |
| 54:11 | simple5966 · wall_segment Stone Wall x3 |
| 54:14 | simple5966 · wall_segment Stone Wall x4 |
| 55:03 | simple5966 · wall_segment Stone Wall x12 |
| 55:21 | simple5966 · wall_segment Stone Wall x13 |
| 56:05 | simple5966 · wall_segment Stone Wall x12 |
| 57:21 | simple5966 · wall_segment Stone Wall x13 |
| 58:32 | simple5966 · wall_segment Stone Wall x1 |
| 58:33 | simple5966 · wall_segment Stone Wall x3 |
| 60:37 | simple5966 · wall_segment Stone Wall x6 |
| 62:45 | simple5966 · wall_segment Stone Wall x10 |
| 63:42 | simple5966 · wall_segment Stone Wall x11 |
| 64:30 | simple5966 · wall_segment Stone Wall x9 |
| 65:03 | simple5966 · wall_segment Stone Wall x15 |
| 66:22 | simple5966 · wall_segment Stone Wall x5 |
| 66:27 | simple5966 · wall_segment Stone Wall x1 |
| 67:20 | simple5966 · wall_segment Stone Wall x7 |
| 67:52 | simple5966 · wall_segment Stone Wall x7 |
| 68:03 | simple5966 · wall_segment Stone Wall x1 |
| 68:16 | simple5966 · wall_segment Stone Wall x8 |
| 69:43 | simple5966 · first_building Barracks |
| 70:19 | simple5966 · wall_segment Stone Wall x5 |
| 71:14 | simple5966 · resign |
[ AI ANALYSIS · 1 CREDIT ]
What really happened in this match?
Wolo.gg analyzes every decision: build order, eco, micro, common mistakes by bracket. Personalized analysis on WhatsApp or Discord in 30 seconds.
Civ guide
Italians
Perfil
Jugador #18863417